[Event "Mentese Flowers WGM Chess-ch 2022"]
[Site "Mentese-Mugla"]
[Date "2022.02.06"]
[Round "2.2"]
[White "Darban, Morteza"]
[Black "Ince, Safiye Oyku"]
[Result "1-0"]
[ECO "B40"]
[WhiteElo "2263"]
[BlackElo "1893"]
[Annotator "RC"]
[PlyCount "71"]
[EventDate "2022.02.06"]
[EventCountry "TUR"]
[SourceTitle "playchess.com"]
[Source "ChessBase"]
[SourceQuality "1"]
[TimeControl "5400+30"]

1. e4 c5 2. Nf3 e6 3. g3 Nc6 4. Bg2 d5 5. exd5 exd5 6. O-O Bg4 7. h3 Bxf3 8. Qxf3 Nf6 9. Nc3 d4 10. Nb5 Be7 11. d3 O-O 12. Na3 Rc8 13. Re1 Qd7 14. Bd2 Rfe8 15. Nc4 b5 16. Ne5 Nxe5 17. Rxe5 Bf8 18. Rxe8 Nxe8 19. a4 bxa4 20. Qb7 Rc7 21. Qa6 c4 22. Qxa4 Qxa4 23. Rxa4 cxd3 24. cxd3 Rc2 25. Bf4 Bc5 26. b4 Bb6 27. Bb8 Rc3 28. Bxa7 Bxa7 29. Rxa7 Rxd3 30. Bc6 Rd1+ 31. Kg2 Kf8 32. Ra8 Re1 33. Kf3 d3 34. Rxe8+ Rxe8 35. Bxe8 Kxe8 36. Ke3 1-0

[Event "Mentese Flowers WGM Chess-ch 2022"]
[Site "Mentese-Mugla"]
[Date "2022.02.07"]
[Round "4.1"]
[White "Kirilmaz, Emre"]
[Black "Hekimoglu, Mihriban"]
[Result "1-0"]
[ECO "D00"]
[WhiteElo "2229"]
[BlackElo "1479"]
[Annotator "ChessBase"]
[PlyCount "57"]
[EventDate "2022.02.06"]
[EventCountry "TUR"]
[SourceTitle "playchess.com"]
[Source "ChessBase"]
[SourceQuality "1"]
[TimeControl "5400+30"]

1. d4 d5 2. c3 Nf6 3. Bg5 Nbd7 4. Nf3 e6 5. Nbd2 h6 6. Bh4 c5 7. e3 Bd6 8. Bd3 Qc7 9. Qe2 c4 10. Bc2 b5 11. e4 dxe4 12. Nxe4 Nxe4 13. Bxe4 Rb8 14. O-O g5 15. Bg3 Bxg3 16. fxg3 Bb7 17. Rae1 Bxe4 18. Qxe4 O-O 19. Qg4 Nf6 20. Qh3 Kg7 21. Ne5 h5 22. Re2 Rh8 23. Ref2 Rh6 24. g4 Rf8 25. Qe3 Nh7 26. h4 f6 27. hxg5 Nxg5 28. Qxg5+ fxg5 29. Rxf8 1-0

[Event "Mentese Flowers WGM Chess-ch 2022"]
[Site "Mentese-Mugla"]
[Date "2022.02.10"]
[Round "10.3"]
[White "Huseyinoglu, Alihan"]
[Black "Boshra, Alshaeby"]
[Result "1-0"]
[ECO "E76"]
[WhiteElo "2312"]
[BlackElo "1911"]
[Annotator "ChessBase"]
[PlyCount "132"]
[EventDate "2022.02.06"]
[EventCountry "TUR"]
[SourceTitle "playchess.com"]
[Source "ChessBase"]
[SourceQuality "1"]
[TimeControl "5400+30"]

1. d4 Nf6 2. c4 g6 3. Nc3 Bg7 4. e4 d6 5. f4 O-O 6. Nf3 c5 7. dxc5 Na6 8. cxd6 exd6 9. Bd3 Qb6 10. Qb3 Qxb3 11. axb3 Nc5 12. Bc2 Nfxe4 13. Nxe4 Nxe4 14. O-O Re8 15. Re1 f5 16. Be3 Bxb2 17. Rxa7 Rxa7 18. Bxa7 Bd7 19. Bd4 Bxd4+ 20. Nxd4 Nc3 21. Kf2 Rxe1 22. Kxe1 Na2 23. Kd2 Kf7 24. Bd1 Bc6 25. g3 Ke7 26. Nc2 Be4 27. Ne3 Ke6 28. Bc2 Bxc2 29. Kxc2 Nb4+ 30. Kc3 Na2+ 31. Kd4 Nb4 32. Nd5 Nc2+ 33. Kc3 Ne1 34. h3 Nf3 35. Kd3 Ng1 36. h4 Nf3 37. Nc7+ Kd7 38. Nb5 Nh2 39. Ke3 Nf1+ 40. Kf2 Nd2 41. Nd4 Ne4+ 42. Kf3 Nd2+ 43. Ke3 Nf1+ 44. Kf2 Nd2 45. h5 gxh5 46. Ke3 Nf1+ 47. Kf2 Nd2 48. Ke2 Ne4 49. Nxf5 Ke6 50. Ng7+ Kf6 51. Nxh5+ Kf5 52. Ke3 Nc5 53. b4 Ne6 54. b5 h6 55. Kf3 Nd4+ 56. Ke3 Ne6 57. b6 Nc5 58. Ng7+ Kf6 59. Ne8+ Ke7 60. Nc7 Na4 61. Nd5+ Ke6 62. g4 Kf7 63. Kd4 Kg7 64. Ne7 Kf6 65. Nd5+ Kf7 66. f5 Nc5 1-0